 Dungeon Crawl Stone Soup version 0.19.1-1-g22dce08 (webtiles) character file.

84 Queen the Cudgeler (level 4, -1/26 HPs)
             Began as a Gargoyle Gladiator on Jan 13, 2017.
             Slain by a worm (6 damage)
             ... on level 3 of the Dungeon.
             The game lasted 00:04:23 (1603 turns).

Queen the Cudgeler (Gargoyle Gladiator)             Turns: 1603, Time: 00:04:24

Health: -1/26      AC:  7    Str: 19    XL:     4   Next: 45%
Magic:  4/4        EV: 12    Int:  8    God:
Gold:   55         SH:  0    Dex: 11    Spells: 0 memorised, 3 levels left

rFire  + . .     SeeInvis .     t - -3 mace (curse)
rCold  . . .     Gourm    .     b - +0 leather armour
rNeg   + . .     Faith    .     (no shield)
rPois  ∞         Spirit   .     c - +0 helmet
rElec  +         Reflect  .     (no cloak)
rCorr  .         Harm     .     (no gloves)
MR     .....                    (no boots)
Stlth  +.........               (no amulet)
                                (no ring)
                                q - ring of protection from fire

@: no status effects
A: negative energy resistance 1, electricity resistance, unbreathing,
petrification resistance, rot immunity, AC +3
a: no special abilities


You were on level 3 of the Dungeon.
You were not hungry.

You visited 1 branch of the dungeon, and saw 3 of its levels.

You collected 55 gold pieces.

Inventory:

Hand Weapons
 a - a +0 flail
 t - a cursed -3 mace (weapon)
Missiles
 d - 3 throwing nets (quivered)
Armour
 b - a +0 leather armour (worn)
 c - a +0 helmet (worn)
Jewellery
 o - an uncursed ring of resist corrosion
 q - a ring of protection from fire (left hand)
Scrolls
 h - 3 scrolls of identify
Potions
 e - a potion of invisibility {unknown}
 g - a potion of heal wounds {unknown}
 i - a potion of berserk rage {unknown}
 j - a potion of curing {unknown}
 k - a potion of magic
 p - 2 potions of might {unknown}
 r - a potion of brilliance {unknown}
 s - a potion of degeneration {unknown}
Comestibles
 f - a bread ration
 l - a slice of pizza
 m - 6 chunks of flesh
 n - a meat ration


   Skills:
 - Level 2.1 Fighting
 + Level 5.1 Maces & Flails
 - Level 1.7 Throwing
 - Level 2.4 Dodging


You had 3 spell levels left.
You didn't know any spells.

Dungeon Overview and Level Annotations

Branches:
Dungeon (3/15)

Altars:
Gozag
Nemelex Xobeh


Innate Abilities, Weirdness & Mutations

You are resistant to torment.
Your stone body is resilient. (AC +3)
You are immune to poison.
You resist negative energy. (rN+)
You are resistant to electric shocks. (rElec)
You can survive without breathing.
You are immune to petrification.
You are immune to rotting.


Message History

The worm is moderately wounded.
The worm bites you.
You hit the worm but do no damage.
The worm is moderately wounded.
The worm closely misses you.
You hit the worm.
The worm is moderately wounded.
You hit the worm but do no damage.
The worm is moderately wounded.
The worm bites you.
You hit the worm but do no damage.
The worm is moderately wounded.
The worm bites you!
* * * LOW HITPOINT WARNING * * *
You hit the worm.
The worm is moderately wounded.
You hit the worm.
The worm is heavily wounded.
The worm bites you.
You die...

.... #####..#.....#
.....###....#.....#
.........#.##........#
...[##..#.##........#
#.......#.##........#
.......#?..##....#...#
.......#.####....##..#
......##.# ..#### ..#
...... #@# ...... #w#
###... #.# #.# #.. ###


You could see a worm.

Vanquished Creatures
  Jessica (D:3)
  2 adders
  2 dart slugs (D:1)
  A leopard gecko (D:1)
  6 bats
  3 giant cockroaches
  A goblin (D:1)
  5 hobgoblins
  5 kobolds
  5 frilled lizards
  3 rats
34 creatures vanquished.

Notes
Turn   | Place    | Note
-------+----------+-------------------------------------------
     0 | D:1      | Queen the Gargoyle Gladiator began the quest for the Orb.
     0 | D:1      | Reached XP level 1. HP: 12/12 MP: 1/1
   132 | D:1      | Reached XP level 2. HP: 13/17 MP: 2/2
   751 | D:1      | Reached skill level 4 in Maces & Flails
   988 | D:2      | Reached XP level 3. HP: 19/21 MP: 3/3
   992 | D:2      | Found an opulent altar of Gozag.
  1171 | D:2      | Found a sparkling altar of Nemelex Xobeh.
  1552 | D:3      | Noticed Jessica
  1557 | D:3      | Killed Jessica
  1557 | D:3      | Reached skill level 5 in Maces & Flails
  1557 | D:3      | Reached XP level 4. HP: 19/26 MP: 4/4
  1603 | D:3      | Slain by a worm

Skill      XL: |  1  2  3 |
---------------+----------+-----
Maces & Flails | 4 5 |  5.1
Fighting       | |  2.1
Throwing       | |  1.7
Dodging        | |  2.4

Action                   |  1- 3 |  4- 6 || total
-------------------------+-------+-------++-------
Melee: Flail             |    80 |       ||    80
       Mace              |    28 |    21 ||    49
  Use: Scroll            |     3 |       ||     3
  Eat: Chunk             |     2 |       ||     2
Armor: Leather armour    |    58 |     5 ||    63
Dodge: Dodged            |    81 |     9 ||    90
